 Dungeon Crawl Stone Soup version 0.23-a0-650-ga4d50d4 (webtiles) character file.

126 poot the Skirmisher (level 5, -1/37 HPs)
             Began as an Octopode Chaos Knight on Jan 3, 2019.
             Was a Plaything of Xom.
             Slain by a sky beast (2 damage)
             ... on level 3 of the Dungeon.
             The game lasted 00:04:19 (2045 turns).

poot the Skirmisher (Octopode Chaos Knight)         Turns: 2045, Time: 00:04:20

Health: -1/37      AC:  1    Str: 11    XL:     5   Next: 10%
Magic:  5/5        EV: 11    Int: 15    God:    Xom [...*..]
Gold:   130        SH:  7    Dex: 12    Spells: 4/4 levels left

rFire    . . .     SeeInvis .   a - +0 hand axe (chaos)
rCold    . . .     Gourm    .   f - +0 shield
rNeg     . . .     Faith    .   (helmet restricted)
rPois    .         Spirit   .   (no amulet)
rElec    .         Reflect  .   (no ring)
rCorr    .         Harm     .   (no ring)
MR       .....                  (no ring)
Stlth    +++.......             (no ring)
HPRegen  0.12/turn              (no ring)
MPRegen  0.09/turn              (no ring)
                                (no ring)
                                (no ring)

@: no status effects
A: almost no armour, stealthy swim, amphibious, 8 rings, constrict 8, camouflage
1, gelatinous body 1
a: Renounce Religion


You were on level 3 of the Dungeon.
You worshipped Xom.
You were a favourite toy of Xom.
You were hungry.

You visited 1 branch of the dungeon, and saw 3 of its levels.

You collected 130 gold pieces.

Inventory:

Hand Weapons
 a - a +0 hand axe of chaos (weapon)
 e - a +0 spear
 k - a +4 quarterstaff of chaos
Armour
 f - a +0 shield (worn)
Scrolls
 c - 3 scrolls of identify {unknown}
 g - 4 scrolls of teleportation {unknown}
 l - 2 scrolls of magic mapping {unknown}
 m - a scroll of blinking {unknown}
 n - a scroll of fear {unknown}
Potions
 d - a potion of might {unknown}
 h - a potion of haste {unknown}
 i - a potion of magic {unknown}
Comestibles
 b - 3 rations
 j - a chunk of flesh


   Skills:
 + Level 4.0 Fighting
 - Level 3.8 Axes
 + Level 2.9 Dodging
 + Level 3.0 Stealth
 + Level 0.8 Shields


You had 4 spell levels left.
You didn't know any spells.
Your spell library contained the following spells:

 Spells                   Type           Power        Failure   Level  Hunger
 Confusing Touch          Hex            #.....       86%         1    ##.....
 Confuse                  Hex            #.......     99%         3    ####...
 Gell's Gravitas          Tloc           #.........   99%         3    ####...
 Petrify                  Tmut/Erth      #.......     100%        4    #####..
 Metabolic Englaciation   Hex/Ice        #.........   100%        5    ######.
 Yara's Violent Unravell  Hex/Tmut       #.........   100%        5    ######.


Dungeon Overview and Level Annotations

Branches:
Dungeon (3/15)

Altars:
Nemelex Xobeh


Innate Abilities, Weirdness & Mutations

You cannot wear most types of armour.
You are very stealthy in the water. (Stealth+)
You are amphibious.
You can wear up to eight rings at the same time.
You can use your tentacles to constrict eight enemies at once.
Your skin changes colour to match your surroundings (Stealth+).
Your rubbery body absorbs attacks. (AC +1, EV +1)


Message History

Reactivating autopickup.
You block the sky beast's attack.
The sky beast flickers out of sight!
Deactivating autopickup; reactivate with Ctrl-A.
Something hits you. Something shocks you.
* * * LOW HITPOINT WARNING * * *
A sky beast appears from thin air!
Reactivating autopickup.
There is an open door here.
You hit the sky beast but do no damage.
The sky beast seems to speed up.
The sky beast is severely wounded.
The sky beast flickers out of sight!
Deactivating autopickup; reactivate with Ctrl-A.
Something hits you but does no damage.
You hit something but do no damage. Something hits you.
* * * LOW HITPOINT WARNING * * *
Something shocks you.
* * * LOW HITPOINT WARNING * * *
Something hits you.
You die... "Boring in life, boring in death..."

#).....######).##....##.##
#......#..##8..8##.÷###..#
#.....##..'......+).# #..#
########..#..##..#..# #...
#..########..###.#. #...#
#....##.#. #...#
#....##.##
#..#####+####'##...
#.@##.......†..####
#..{#..≈.......#
#...'..##..#####
############ # # # # # #


There were no monsters in sight!

Vanquished Creatures
  Crazy Yiuf (D:2)
  4 adders
  A worm (D:2)
  2 dart slugs
  4 orcs (D:3)
  3 ball pythons
  6 bats
  2 giant cockroaches
  6 goblins
  5 hobgoblins
  A jackal (D:3)
  2 quokkas
  2 frilled lizards (D:3)
  4 kobolds
  10 rats
53 creatures vanquished.

Vanquished Creatures (others)
  A kobold (D:2)
1 creature vanquished.

Grand Total: 54 creatures vanquished

Notes
Turn   | Place    | Note
-------+----------+-------------------------------------------
     0 | D:1      | poot the Octopode Chaos Knight began the quest for the Orb.
     0 | D:1      | Reached XP level 1. HP: 16/16 MP: 1/1
   225 | D:1      | Reached XP level 2. HP: 21/21 MP: 2/2
   411 | D:2      | Reached skill level 1 in Stealth
   526 | D:2      | Reached XP level 3. HP: 17/26 MP: 3/3
   709 | D:2      | Found a sparkling altar of Nemelex Xobeh.
   832 | D:2      | XOM: noise
   848 | D:2      | XOM: cloud trail
   943 | D:2      | XOM: 1-stop teleportation journey
   958 | D:2      | XOM: silly message
   998 | D:2      | Reached XP level 4. HP: 31/33 MP: 4/4
  1108 | D:2      | Found a runed door.
  1296 | D:2      | Noticed Crazy Yiuf
  1302 | D:2      | Killed Crazy Yiuf
  1340 | D:2      | XOM: harmless Hex miscast
  1701 | D:3      | Reached XP level 5. HP: 36/37 MP: 5/5
  1786 | D:3      | XOM is BORED!
  1786 | D:3      | XOM: summons 1 hostile demon
  1913 | D:3      | XOM: harmless Fire miscast
  1960 | D:3      | XOM: harmless Conj miscast
  1965 | D:3      | Reached skill level 4 in Fighting
  1979 | D:3      | Noticed a sky beast
  1985 | D:3      | XOM: confuse monster(s)
  2045 | D:3      | HP: 1/37 [something (5)]
  2045 | D:3      | Slain by a sky beast

Vault maps used:
D:1:      dpeg_arrival_castle
D:2:      first_ration, nemelex_xobeh_ov_fountains_minmay,
          uniq_crazy_yiuf_cottage
D:3:      minmay_chambers_of_twos

Skill      XL: |  1  2  3  4  5 |
---------------+----------------+-----
Stealth        | 1 2 3 |  3.0
Fighting       | 4 |  4.0
Axes           | |  3.8
Dodging        | |  2.9
Shields        | |  0.8

Action                   |  1- 3 |  4- 6 || total
-------------------------+-------+-------++-------
Melee: Hand axe          |    56 |    55 ||   111
       Constrict         |    15 |    15 ||    30
       Tentacles         |     9 |     7 ||    16
 Stab: Sleeping          |     6 |     4 ||    10
  Eat: Chunk             |       |     3 ||     3
Armor: Skin              |     7 |     3 ||    10
Dodge: Dodged            |    23 |    17 ||    40
Block: Shield            |    14 |    22 ||    36

Table legend:
 A = Non-vault XP
 B = Vault XP
 C = Vault XP percentage of total XP
 D = Non-vault monster count
 E = Vault monster count
 F = Vault count percentage of total count
                 A         B        C        D         E       F
            +---------+---------+-------+---------+---------+-------
      Total |     130 |      51 |  28.2 |      47 |       7 |  13.0
            +---------+---------+-------+---------+---------+-------
        D:1 |      13 |       0 |   0.0 |       9 |       0 |   0.0
        D:2 |      73 |      40 |  35.4 |      21 |       1 |   4.5
        D:3 |      44 |      11 |  20.0 |      17 |       6 |  26.1
            +---------+---------+-------+---------+---------+-------
